 Dungeon Crawl Stone Soup version 0.27-a0-1591-gc56fcc985a (webtiles) character file.

Game seed: 12605434572081916650

4127 Anon1729 the Spear-Bearer (level 10, -5/77 HPs)
             Began as a Merfolk Monk on July 19, 2021.
             Was a Priest of Elyvilon.
             Slain by a vampire mosquito (7 damage)
             ... on level 7 of the Dungeon.
             The game lasted 00:19:43 (12592 turns).

Anon1729 the Spear-Bearer (Merfolk Monk)           Turns: 12592, Time: 00:19:44

Health: -5/77      AC:  6    Str: 14    XL:     10   Next: 27%
Magic:  16/16      EV: 16    Int: 11    God:    Elyvilon [***...]
Gold:   247        SH:  0    Dex: 16    Spells: 9/9 levels left

rFire    . . .     SeeInvis .   q - +1 glaive
rCold    + . .     Faith    .   (shield currently unavailable)
rNeg     . . .     Spirit   .   i - +3 leather armour
rPois    .         Reflect  .   (no helmet)
rElec    .         Harm     .   (no cloak)
rCorr    .         Rampage  .   (no gloves)
Will     .....                  (no boots)
Stlth    +++.......             E - amulet of the acrobat
HPRegen  0.22/turn              s - ring of protection from cold
MPRegen  0.15/turn              (no ring)

@: divinely protected
A: (nimble swimmer 2), mertail
a: Renounce Religion, Lesser Healing, Heal Other, Purification, Divine
Protection


You were on level 7 of the Dungeon.
You worshipped Elyvilon.
Elyvilon was most pleased with you.
You visited 2 branches of the dungeon, and saw 9 of its levels.

You collected 247 gold pieces.

Inventory:

Hand Weapons
 a - a +0 spear
 q - a +1 glaive (weapon)
 F - a +0 trident of venom
Missiles
 p - 2 throwing nets (quivered)
 D - 2 curare-tipped darts
Armour
 b - a +0 robe
 i - a +3 leather armour (worn)
Jewellery
 s - a ring of protection from cold (left hand)
 A - the amulet of Nomour {Spirit Fly}
   (You found it on level 6 of the Dungeon)

   [amulet of guardian spirit]

   It causes incoming damage to be divided between your reserves of health and
   magic.
   Fly:       It grants you flight.
 E - an amulet of the acrobat (around neck)
Wands
 o - a wand of flame (11)
 v - a wand of paralysis (5)
Scrolls
 e - a scroll of amnesia
 g - 2 scrolls of enchant armour {unknown}
 j - 2 scrolls of immolation
 m - a scroll of fog
 n - a scroll of holy word {unknown}
 u - a scroll of noise {unknown}
 w - a scroll of blinking {unknown}
 y - a scroll of acquirement {unknown}
 B - a scroll of teleportation {unknown}
Potions
 c - 4 potions of degeneration
 d - a potion of mutation {unknown}
 h - a potion of flight {unknown}
 l - a potion of might {unknown}
 r - a potion of resistance {unknown}
 t - a potion of ambrosia {unknown}
 x - a potion of berserk rage {unknown}
 z - a potion of cancellation {unknown}
 C - a potion of heal wounds {unknown}


   Skills:
 + Level 6.9 Fighting
 * Level 11.6 Polearms
 + Level 8.5 Dodging
 + Level 7.1 Stealth
 * Level 8.2 Invocations


You had 9 spell levels left.
You didn't know any spells.
Your spell library contained the following spells:

 Spells                   Type           Power      Damage    Failure   Level
 Foxfire                  Conj/Fire      0%         2x1d4     41%         1
 Poisonous Vapours        Pois/Air       0%         N/A       56%         2
 Sublimation of Blood     Necr           0%         N/A       56%         2
 Wereblood                Tmut           0%         N/A       56%         2
 Conjure Flame            Conj/Fire      0%         6-21      80%         3
 Inner Flame              Hex/Fire       0%         N/A       80%         3
 Mephitic Cloud           Conj/Pois/Air  0%         N/A       80%         3
 Olgreb's Toxic Radiance  Pois           0%         N/A       99%         4
 Freezing Cloud           Conj/Ice/Air   0%         6-21      100%        5
 Ozocubu's Refrigeration  Ice            0%         4d5       100%        7
 Summon Hydra             Summ           0%         N/A       100%        7
 Ignition                 Fire           0%         3d3       100%        8


Dungeon Overview and Level Annotations

Branches:
Dungeon (8/15)             Temple (1/1) D:5
   Lair: D:8-11

Altars:
Ashenzari
Cheibriados
Dithmenos
Elyvilon
Fedhas
Gozag
Hepliaklqana
Kikubaaqudgha
Makhleb
Nemelex Xobeh
Okawaru
Qazlal
Ru
Sif Muna
Trog
Uskayaw
Vehumet
Wu Jian
Xom
Yredelemnul
Zin
The Shining One

Shops:
D:3 :!:

Annotations:
D:4 exclusion: scorpion
D:7 exclusion: killer bee, Harold


Innate Abilities, Weirdness & Mutations

((You are quick and stealthy near water. (Stealth+, EV+, Speed+++)))
Your lower body shifts to a powerful aquatic tail in water.


Message History

The vampire mosquito is severely damaged.
The vampire mosquito bites you!
* * * LOW HITPOINT WARNING * * *
The vampire mosquito draws strength from your injuries!
The vampire mosquito closely misses you.
You miss the vampire mosquito.
The vampire mosquito is heavily damaged.
The vampire mosquito bites you but does no damage.
The vampire mosquito barely misses you.
You closely miss the vampire mosquito.
The vampire mosquito is heavily damaged.
The vampire mosquito bites you but does no damage.
The vampire mosquito bites you.
* * * LOW HITPOINT WARNING * * *
The vampire mosquito draws strength from your injuries!
The vampire mosquito misses you.
You closely miss the vampire mosquito.
The vampire mosquito is heavily damaged.
The vampire mosquito bites you.
* * * LOW HITPOINT WARNING * * *
The vampire mosquito draws strength from your injuries!
The vampire mosquito completely misses you.
The vampire mosquito bites you but does no damage.
The vampire mosquito barely misses you.
You miss the vampire mosquito.
The vampire mosquito is heavily damaged.
The vampire mosquito bites you!
* * * LOW HITPOINT WARNING * * *
The vampire mosquito draws strength from your injuries!
The vampire mosquito bites you but does no damage.
The vampire mosquito bites you! Elyvilon protects you from harm!
The vampire mosquito draws strength from your injuries!
The vampire mosquito barely misses you. The vampire mosquito bites you!
Elyvilon protects you from harm!
The vampire mosquito draws strength from your injuries!
Okay, then.
You beseech Elyvilon to protect your life.
The vampire mosquito bites you!
You die...

#.######## ##.......# #........#
###########.......#
#...##...##....>...
#........#.........
#........#.........
#........#.........
#y@......'........#
##y###.####..##.[.#
##...##.#####+##...#
#.......#......'....
#.......#......#....
#..>....#......#....
#.......#......#>... #...#
##...##.####..##..##
###..o#########...##.####..##..##


You could see 2 vampire mosquitoes.

Vanquished Creatures
  A two-headed ogre (D:7)
  Pikel (D:6)
  A cyclops (D:8)
  Eustachio (D:6)
  A black bear (D:6)
  A hornet zombie (D:7)
  An ogre (D:6)
  3 necrophages
  A bullfrog (D:7)
  2 gnoll sergeants (D:5)
  2 scorpions
  3 wyvern zombies
  A water moccasin zombie (D:6)
  A water moccasin skeleton (D:6)
  4 killer bees
  5 wights (D:6)
  2 howler monkeys (D:5)
  Crazy Yiuf (D:6)
  2 orc priests (D:6)
  9 hounds
  2 jellies (D:5)
  2 centaur skeletons
  2 iguanas (D:6)
  An orc wizard (D:4)
  A hound skeleton (D:4)
  11 gnolls (D:5)
  3 adders
  2 shadow imps
  An ufetubus (D:5)
  2 adder skeletons
  3 worms
  6 dart slugs
  3 orcs
  9 ball pythons
  4 bats
  10 endoplasms
  7 giant cockroaches
  7 goblins
  10 hobgoblins
  14 jackals
  4 quokkas
  6 frilled lizards
  5 kobolds
  5 rats
163 creatures vanquished.

Vanquished Creatures (others)
  Grum (D:5)
  An ogre (D:5)
  3 hounds (D:5)
  An iguana (D:5)
  A gnoll (D:5)
7 creatures vanquished.

Grand Total: 170 creatures vanquished

Notes
Turn   | Place    | Note
-------+----------+-------------------------------------------
     0 | D:1      | Anon1729 the Merfolk Monk began the quest for the Orb.
     0 | D:1      | Reached XP level 1. HP: 18/18 MP: 1/1
   197 | D:1      | Reached XP level 2. HP: 24/24 MP: 2/2
   226 | D:1      | Found a faded altar of an unknown god.
   707 | D:1      | Became a worshipper of Elyvilon the Healer
   707 | D:1      | Reached * piety under Elyvilon
   707 | D:1      | Reached ** piety under Elyvilon
   757 | D:1      | Reached XP level 3. HP: 25/29 MP: 3/3
   917 | D:1      | Reached *** piety under Elyvilon
   955 | D:1      | Reached skill level 5 in Polearms
  1650 | D:2      | Reached XP level 4. HP: 33/37 MP: 4/4
  1702 | D:2      | Found an ancient bone altar of Kikubaaqudgha.
  1926 | D:2      | Reached skill level 1 in Invocations
  2668 | D:3      | Found Futogecs's Book Emporium.
  2874 | D:3      | Reached **** piety under Elyvilon
  2885 | D:3      | Found Wurgh's Distillery.
  2972 | D:3      | Found an opulent altar of Gozag.
  2991 | D:3      | Reached XP level 5. HP: 31/42 MP: 4/6
  3157 | D:3      | Found Honuto's Book Emporium.
  3222 | D:3      | Reached skill level 5 in Dodging
  3761 | D:4      | Noticed a necrophage
  3803 | D:4      | Killed a necrophage
  3804 | D:4      | Reached skill level 6 in Polearms
  3804 | D:4      | Reached XP level 6. HP: 23/48 MP: 7/7
  3981 | D:4      | Found a sparkling altar of Nemelex Xobeh.
  3982 | D:4      | Found an ornate altar of the Wu Jian Council.
  3984 | D:4      | Found an iron altar of Okawaru.
  3986 | D:4      | Found a hazy altar of Hepliaklqana.
  4300 | D:5      | Entered Level 5 of the Dungeon
  4919 | D:5      | Reached XP level 7. HP: 24/55 MP: 9/9
  4947 | D:4      | HP: 2/55 [gnoll (5)]
  5321 | D:5      | Reached skill level 7 in Polearms
  6014 | D:5      | Found a staircase to the Ecumenical Temple.
  6040 | Temple   | Entered the Ecumenical Temple
  7355 | D:5      | Reached XP level 8. HP: 7/61 MP: 11/11
  7750 | D:5      | Noticed Grum
  7779 | D:5      | Reached skill level 5 in Fighting
  7779 | D:5      | Reached skill level 8 in Polearms
  7800 | D:5      | Killed Grum
  8840 | D:5      | Reached skill level 5 in Stealth
  9005 | D:6      | Noticed Pikel
  9027 | D:6      | Killed Pikel
  9028 | D:6      | Reached skill level 9 in Polearms
  9028 | D:6      | Reached skill level 5 in Invocations
  9263 | D:6      | Reached XP level 9. HP: 56/69 MP: 13/13
  9436 | D:6      | Identified the +7 mace "Raroesur" {elec, rF- rN+ Int+10
                  | Dex-3}
  9644 | D:6      | Found a runed translucent door.
  9645 | D:6      | Noticed Crazy Yiuf
  9698 | D:6      | Identified the amulet of Nomour {Spirit Fly}
  9772 | D:6      | Noticed Eustachio
  9786 | D:6      | Killed Eustachio
 10018 | D:6      | Reached skill level 10 in Polearms
 10027 | D:6      | HP: 3/69 [wyvern zombie (4)]
 10301 | D:6      | HP: 3/63 [wight (7)]
 10301 | D:6      | HP: 1/61 [wight (2)]
 11185 | D:6      | Killed Crazy Yiuf
 11493 | D:6      | HP: 3/71 [poisoned by a killer bee]
 12110 | D:7      | Noticed a two-headed ogre
 12152 | D:7      | Killed a two-headed ogre
 12153 | D:7      | Reached skill level 11 in Polearms
 12153 | D:7      | Reached XP level 10. HP: 25/77 MP: 14/16
 12443 | D:7      | Noticed Harold
 12496 | D:8      | Noticed a cyclops
 12512 | D:8      | Killed a cyclops
 12591 | D:7      | HP: 2/77 [vampire mosquito (10)]
 12591 | D:7      | Elyvilon protects you from harm!
 12591 | D:7      | Elyvilon protects you from harm!
 12592 | D:7      | Slain by a vampire mosquito

Illustrated notes

Levels and vault maps discovered:
D:1:      elethiomel_arrival_shortcut, layout_loops_ring,
          ebering_ecumenical_altar_box
D:2:      layout_rooms, basic_altar
D:3:      layout_loops_cross, mainiacjoe_overflow_six_doors_small, serial_shops,
          shop, shop, shop_fountains
D:4:      layout_basic, mainiacjoe_overflow_alcove_3
D:5:      layout_cave_pools, temple_statues, serial_gnoll_camp,
          gnoll_camp_mini_doghouse, gnoll_camp_mini_doghouse,
          gnoll_camp_mini_doghouse, gnoll_camp_mini_sergeant,
          gnoll_camp_mini_house, grums_kennel, portal_sewer_entry_b
D:6:      layout_loops_ring, amcnicky_mini_pool_medium, uniq_eustachio,
          uniq_crazy_yiuf_cottage, uniq_pikel
D:7:      layout_gridville, kennysheep_small_circle, uniq_harold
D:8:      layout_loops_ring, nicolae_overflow_hidden_temple, enter_bailey_2,
          hangedman_decor_growths, kennysheep_decorative_pillar,
          corexii_checkpoint_a, amethyst_killhole, kennysheep_generic_room_12,
          uniq_prince_ribbit1, uniq_joseph
Temple:   regret_index_temple_sphere_string

Skill      XL: |  1  2  3  4  5  6  7  8  9 |
---------------+----------------------------+-----
Polearms       | 5 6 7 9 11 | 11.6
Stealth        | 3 4 5 7 |  7.1
Invocations    | 1 2 3 4 6 8 |  8.2
Dodging        | 5 6 7 8 |  8.5
Fighting       | 4 5 6 |  6.9

Action                   |  1- 3 |  4- 6 |  7- 9 | 10-12 || total
-------------------------+-------+-------+-------+-------++-------
Melee: Spear             |   158 |   376 |   348 |       ||   882
       Glaive            |       |       |   206 |    10 ||   216
       Trident           |       |       |       |    10 ||    10
Invok: Heal Other        |       |     5 |     5 |       ||    10
       Lesser Healing    |       |       |     2 |       ||     2
       Greater Healing   |       |       |     2 |     1 ||     3
       Divine Protection |       |       |       |     1 ||     1
Evoke: Wand              |       |       |     4 |       ||     4
  Use: Potion            |       |       |     2 |       ||     2
       Scroll            |       |       |       |     5 ||     5
 Stab: Sleeping          |     9 |     8 |     2 |       ||    19
       Distracted        |       |     1 |     2 |       ||     3
       Paralysed         |       |       |     2 |       ||     2
Armor: Robe              |    27 |     5 |       |       ||    32
       Leather armour    |       |    60 |   113 |     9 ||   182
       Skin              |       |       |    10 |       ||    10
Dodge: Dodged            |    84 |   185 |   439 |    38 ||   746

Table legend: (Time is in decaauts)
 A = Elapsed time spent in this place.
 B = Non-inter-level travel time spent in this place.
 C = Inter-level travel time spent in this place.
 D = Time resting spent in this place.
 E = Time spent auto-exploring this place.
 F = Levels seen in this place.
 G = Mean time per level.
                   A        B        C        D        E       F      G
               +--------+--------+--------+--------+--------+-----+--------+
         Total |  12444 |  12237 |    207 |   3605 |   6542 |   9 | 1382.7 |
       Dungeon |  11254 |  11076 |    178 |   2598 |   6418 |   8 | 1406.8 |
        Temple |   1190 |   1161 |     29 |   1007 |    124 |   1 | 1190.0 |
               +--------+--------+--------+--------+--------+-----+--------+

Top non-repeatable levels by time:
     D:5: 2690 daAuts
     D:6: 2621 daAuts
     D:4: 1641 daAuts
     D:1: 1460 daAuts
  Temple: 1190 daAuts
     D:2: 1066 daAuts
     D:7: 912 daAuts
     D:3: 768 daAuts
     D:8: 92 daAuts
